 Dungeon Crawl Stone Soup version 0.20.1-1-g8b1a95d (webtiles) character file.

669 vineage the Skirmisher (level 7, 0/54 HPs)
             Began as a Demonspawn Berserker on Aug 3, 2017.
             Was a Priest of Trog.
             Killed from afar by an orc (12 damage)
             ... with a wand of acid (?/15)
             ... on level 7 of the Dungeon.
             The game lasted 00:08:42 (3089 turns).

vineage the Skirmisher (Demonspawn Berserker)       Turns: 3089, Time: 00:08:44

Health: 0/54       AC: 16    Str: 19    XL:     7   Next: 32%
Magic:  7/7        EV:  6    Int:  7    God:    Trog [***...]
Gold:   87         SH:  0    Dex: 12    Spells: 6/6 levels left

rFire    . . .     SeeInvis .   l - +2 spear (venom)
rCold    . . .     Gourm    .   (no shield)
rNeg     . . .     Faith    .   t - +0 plate armour
rPois    .         Spirit   .   (no helmet)
rElec    .         Reflect  .   (no cloak)
rCorr    .         Harm     .   k - +0 pair of gloves (curse)
MR       .....                  e - +0 pair of boots
Stlth    ..........             d - amulet of magic regeneration
Regen    0.2/turn               (no ring)
MPRegen  0.2/turn               (no ring)

@: no status effects
A: claws 1, talons 1, molten scales 2, dopey 1, rot immunity
a: Berserk, Trog's Hand, Burn Spellbooks, Renounce Religion


You were on level 7 of the Dungeon.
You worshipped Trog.
Trog was most pleased with you.
You were not hungry.

You visited 1 branch of the dungeon, and saw 5 of its levels.

You collected 87 gold pieces.

Inventory:

Hand Weapons
 a - a +0 mace
 l - a +2 spear of venom (weapon)
Armour
 b - a +0 animal skin
 e - a +0 pair of boots (worn)
 k - a cursed +0 pair of gloves (worn)
 t - a +0 plate armour (worn)
Jewellery
 c - a cursed -2 ring of evasion {unknown}
 d - an amulet of magic regeneration (around neck)
 n - an uncursed ring of positive energy {unknown}
 s - a cursed amulet of inaccuracy {unknown}
 y - an uncursed ring of protection from fire {unknown}
Wands
 q - a wand of paralysis (6/24)
Scrolls
 h - 2 scrolls of identify {unknown}
 i - 2 scrolls of teleportation
 j - a scroll of enchant armour {unknown}
 o - a scroll of recharging
 p - a scroll of remove curse
 v - a scroll of magic mapping {unknown}
 x - a scroll of noise {unknown}
Potions
 g - a potion of agility {unknown}
 m - 2 potions of curing
 w - a potion of might
Books
 f - a book of Minor Magic

   Spells                             Type                      Level
   a - Magic Dart                     Conjuration                  1
   b - Blink                          Translocation                2
   c - Call Imp                       Summoning                    2
   d - Slow                           Hexes                        2
   e - Conjure Flame                  Conjuration/Fire             3
   f - Mephitic Cloud                 Conjuration/Poison/Air       3
   Trog disapproves of the use of such an item.
Comestibles
 r - 2 bread rations


   Skills:
 + Level 4.3 Fighting
 + Level 4.2 Maces & Flails
 + Level 4.3 Polearms
 + Level 3.2 Armour
 + Level 2.5 Dodging
 + Level 1.3 Stealth


You had 6 spell levels left.
You didn't know any spells.

Dungeon Overview and Level Annotations

Branches:
Dungeon (4/15)             Temple (0/1) D:4

Altars:
Cheibriados
Vehumet


Innate Abilities, Weirdness & Mutations

You have sharp toenails.
You are mostly covered in molten scales. (AC +3)
You are immune to rotting.
You have sharp fingernails.
You are dopey. (Int -2)


Message History

The magic dart hits you!
You hit the orc wizard.
The orc wizard looks as sick as possible!
The orc wizard is moderately wounded.
The orc wizard hits you but does no damage.
You hit the orc wizard but do no damage.
The orc wizard looks as sick as possible!
The orc wizard is heavily wounded.
The orc wizard points at you and mumbles some strange words.
You resist with some effort.
The crimson imp blinks!
You barely miss the orc wizard.
The orc wizard is heavily wounded.
The orc wizard hits you but does no damage.
You barely miss the orc wizard.
The orc wizard is almost dead.
You kill the orc wizard!
Trog accepts your kill.
Trog appreciates your killing of a magic user.
The orc zaps a wand.
The bolt of acid hits you!
You die...

#........(#
+.........#
#.........#
#.........#
#.........#
#.........#
#.§o......# #)#
#.....
#@###########.....
#.#...............
#.#...............
#.#...............
#.#...............
#.#...............
#....).....(......
###..........###'#
#.....)....###.#


You could see an orc.

Vanquished Creatures
  The ghost of geeseburger the Slasher, an amateur MiFi of the Shining One (D:4)
  The ghost of vineage the Shield-Bearer, an amateur FoFi (D:3)
  An ogre (D:7)
  A centaur zombie (D:7)
  An orc priest (D:7)
  An orc wizard (D:7)
  A worker ant (D:4)
  4 adders
  An ooze (D:2)
  2 worms
  A dart slug (D:4)
  3 leopard geckos
  12 orcs
  5 bats
  8 giant cockroaches
  9 goblins
  5 hobgoblins
  7 jackals
  2 kobolds
  3 quokkas
  2 frilled lizards
  A leopard gecko skeleton (D:4)
  7 rats
  A bush (D:1)
80 creatures vanquished.

Vanquished Creatures (others)
  An orc wizard (D:7)
  An orc (D:7)
2 creatures vanquished.

Grand Total: 82 creatures vanquished

Notes
Turn   | Place    | Note
-------+----------+-------------------------------------------
     0 | D:1      | vineage the Demonspawn Berserker began the quest for the Orb.
     0 | D:1      | Reached XP level 1. HP: 18/18 MP: 1/1
   206 | D:1      | Gained mutation: You are partially covered in molten scales. (AC +2) [demonic ancestry]
   206 | D:1      | Reached XP level 2. HP: 19/24 MP: 2/2
   939 | D:2      | Reached XP level 3. HP: 29/29 MP: 3/3
  1024 | D:2      | Found a snail-covered altar of Cheibriados.
  1044 | D:2      | Reached ** piety under Trog
  1333 | D:2      | Found a radiant altar of Vehumet.
  1591 | D:3      | Reached XP level 4. HP: 35/35 MP: 4/4
  1705 | D:3      | Noticed vineage's ghost (amateur FoFi)
  1706 | D:3      | Reached skill level 1 in Stealth
  1783 | D:3      | Killed vineage's ghost
  1783 | D:3      | Gained mutation: You are mostly covered in molten scales. (AC +3) [demonic ancestry]
  1783 | D:3      | Reached XP level 5. HP: 18/42 MP: 5/5
  2427 | D:4      | Noticed geeseburger's ghost (amateur MiFi)
  2467 | D:4      | Killed geeseburger's ghost
  2467 | D:4      | Gained mutation: You are immune to rotting. [demonic ancestry]
  2467 | D:4      | Reached XP level 6. HP: 9/48 MP: 6/6
  2751 | D:4      | Found a staircase to the Ecumenical Temple.
  2885 | D:4      | You fall through a shaft for 3 floors!
  2927 | D:7      | Gained mutation: You have sharp toenails. [demonic ancestry]
  2927 | D:7      | Reached XP level 7. HP: 32/54 MP: 7/7
  3077 | D:7      | Gained mutation: You are dopey. (Int -2) [potion of mutation]
  3077 | D:7      | Gained mutation: You have sharp fingernails. [potion of mutation]
  3082 | D:7      | Reached *** piety under Trog
  3089 | D:7      | Killed from afar by an orc

Skill      XL: |  1  2  3  4  5  6 |
---------------+-------------------+-----
Maces & Flails | 3 4 |  4.2
Dodging        | 2 |  2.5
Stealth        | 1 |  1.3
Polearms       | 2 3 4 |  4.3
Armour         | 2 3 |  3.2
Fighting       | 4 |  4.3

Action                   |  1- 3 |  4- 6 |  7- 9 || total
-------------------------+-------+-------+-------++-------
Melee: Mace              |   222 |       |       ||   222
       Spear             |    22 |   169 |    29 ||   220
  Use: Scroll            |     5 |     1 |       ||     6
       Potion            |       |     8 |     3 ||    11
 Stab: Sleeping          |     2 |       |       ||     2
  Eat: Fruit             |     1 |       |       ||     1
       Bread ration      |     1 |       |       ||     1
       Meat ration       |       |     1 |       ||     1
Armor: Animal skin       |    24 |       |       ||    24
       Plate armour      |       |    93 |    21 ||   114
Dodge: Dodged            |    80 |    34 |     7 ||   121
